 Dungeon Crawl Stone Soup version 0.27.0-1-g7a089689b8 (webtiles) character file.

Game seed: 13414315050412906096

94 Spaninq the Sneak (level 4, -2/40 HPs)
             Began as a Naga Brigand on Aug 6, 2021.
             Was a Believer of Wu Jian.
             Killed by divine providence
             ... invoked by an orc priest
              (8 damage)
             ... on level 3 of the Dungeon.
             The game lasted 00:07:56 (3013 turns).

Spaninq the Sneak (Naga Brigand)                    Turns: 3013, Time: 00:07:58

Health: -2/40      AC:  3    Str: 14    XL:     4   Next: 63%
Magic:  4/4        EV:  9    Int: 12    God:    Wu Jian [**....]
Gold:   59         SH:  0    Dex: 12    Spells: 3/3 levels left

rFire    . . .     SeeInvis +   a - +2 dagger
rCold    . . .     Faith    .   (no shield)
rNeg     . . .     Spirit   .   b - +0 robe
rPois    +         Reflect  .   (no helmet)
rElec    .         Harm     .   h - scarf {+Inv}
rCorr    .         Rampage  .   i - +0 pair of gloves
Will     .....                  (no barding)
Stlth    +++.......             (no amulet)
HPRegen  0.13/turn              (no ring)
MPRegen  0.09/turn              (no ring)

@: short of breath, very slow
A: AC +1, large, see invisible, deformed body, poison resistance, slowness 2,
spit poison 1, naga tail 1
a: Spit Poison, Renounce Religion, Evoke Invisibility, Wall Jump


You were on level 3 of the Dungeon.
You worshipped Wu Jian.
Wu Jian was pleased with you.
You visited 1 branch of the dungeon, and saw 3 of its levels.

You collected 59 gold pieces.

Inventory:

Hand Weapons
 a - a +2 dagger (weapon)
Missiles
 d - 8 poisoned darts (quivered)
 e - 2 curare-tipped darts
Armour
 b - a +0 robe (worn)
 c - a +0 cloak
 h - a scarf of invisibility (worn)
 i - a +0 pair of gloves (worn)
Scrolls
 f - a scroll of magic mapping {unknown}
 g - a scroll of teleportation {unknown}
 j - a scroll of enchant weapon {unknown}
 m - a scroll of silence {unknown}
 n - 2 scrolls of identify {unknown}
Potions
 k - a potion of berserk rage {unknown}
 l - a potion of curing {unknown}
 o - a potion of attraction {unknown}


   Skills:
 + Level 2.6 Fighting
 * Level 3.2 Short Blades
 - Level 1.7 Throwing
 - Level 0.9 Dodging
 * Level 7.2 Stealth


You had 3 spell levels left.
You didn't know any spells.
Your spell library contained the following spells:

 Spells                   Type           Power      Damage    Failure   Level
 Summon Guardian Golem    Hex/Summ       0%         N/A       69%         3
 Airstrike                Air            0%         N/A       97%         4
 Summon Lightning Spire   Summ/Air       0%         N/A       97%         4
 Lightning Bolt           Conj/Air       0%         1d11      100%        5
 Orb of Destruction       Conj           0%         N/A       100%        7
 Spellforged Servitor     Conj/Summ      0%         N/A       100%        7


Dungeon Overview and Level Annotations

Branches:
Dungeon (3/15)

Altars:
Uskayaw
Wu Jian

Shops:
D:3 :

Annotations:
D:3 3 runed translucent doors, sasquatch's ghost, amateur MiFi


Innate Abilities, Weirdness & Mutations

Your serpentine skin is tough. (AC +1)
You have supernaturally acute eyesight. (SInv)
Armour fits poorly on your strangely shaped body.
Your system is resistant to poisons. (rPois)
You cover ground very slowly.
You can spit poison.
You have a snake-like lower body.


Message History

You have got your breath back.
The orc hits you with a +0 mace of protection.
Press: ? - help, Shift-Dir - straight line, f - orc
Aim: an orc, wielding a +0 mace of protection and wearing a +0 ring mail (severely wounded)
The splash of poison misses the orc.
The splash of poison hits the orc priest!
The orc priest is poisoned.
The orc priest is heavily wounded.
The orc hits you with a +0 mace of protection.
You hit the orc but do no damage.
The orc is severely wounded.
The orc hits you with a +0 mace of protection.
You hit the orc but do no damage.
The orc is severely wounded.
The orc hits you with a +0 mace of protection.
You hit the orc but do no damage.
The orc is severely wounded.
The orc hits you with a +0 mace of protection.
* * * LOW HITPOINT WARNING * * *
You can't do that yet.
You hit the orc but do no damage.
The orc is severely wounded.
You have got your breath back.
You hit the orc but do no damage.
The orc is severely wounded.
The orc priest looks satisfied for a moment.
The orc barely misses you.
Press: ? - help, Shift-Dir - straight line, f/p - orc
Aim: an orc, wielding a +0 mace of protection and wearing a +0 ring mail (severely wounded)
The splash of poison hits the orc.
The orc is almost dead.
The orc hits you with a +0 mace of protection.
* * * LOW HITPOINT WARNING * * *
You hit the orc but do no damage.
The orc is almost dead.
The orc hits you with a +0 mace of protection.
* * * LOW HITPOINT WARNING * * *
The orc priest calls down the wrath of Beogh upon you.
Beogh smites you!
You die...

#.#.#.########.##
#.#.............#
#.#.#############
#o#.......).#
#.#########.# #.#
#.# #.# #.#
#)#########.#
#.oo@.......#
#############


You could see an orc priest (poisoned) and an orc.

Vanquished Creatures
  2 adders
  A worm (D:3)
  2 dart slugs
  4 orcs (D:3)
  3 bats
  3 endoplasms (D:2)
  4 giant cockroaches
  3 goblins
  4 hobgoblins
  13 jackals
  A quokka (D:3)
  6 ball pythons
  2 frilled lizards
  7 kobolds
  3 rats
58 creatures vanquished.

Notes
Turn   | Place    | Note
-------+----------+-------------------------------------------
     0 | D:1      | Spaninq the Naga Brigand began the quest for the Orb.
     0 | D:1      | Reached XP level 1. HP: 19/19 MP: 1/1
    70 | D:1      | Reached skill level 6 in Stealth
   170 | D:1      | Reached XP level 2. HP: 26/26 MP: 2/2
   221 | D:1      | Found a faded altar of an unknown god.
   242 | D:1      | Became a worshipper of the Wu Jian Council
   242 | D:1      | Reached * piety under Wu Jian
   951 | D:1      | Reached XP level 3. HP: 29/29 MP: 3/3
  1877 | D:2      | Reached XP level 4. HP: 40/40 MP: 4/4
  2390 | D:3      | Reached skill level 7 in Stealth
  2422 | D:3      | Reached ** piety under Wu Jian
  2458 | D:3      | Found a hide-covered altar of Uskayaw.
  2551 | D:3      | Found Byeheicw's Book Emporium.
  2611 | D:3      | Found a runed translucent gate.
  2611 | D:3      | Found a runed translucent gate.
  2611 | D:3      | Found a runed translucent gate.
  2611 | D:3      | Noticed sasquatch's ghost (amateur MiFi)
  3013 | D:3      | Killed from afar by an orc priest

Illustrated notes

Levels and vault maps discovered:
D:1:      dpeg_arrival_yet_another_circle, layout_loops_ring, serial_glass,
          glass_columns_a, glass_columns_c, basic_ecumenical_altar
D:2:      layout_basic, serial_aquarium, aquarium_bridge_long_separate
          [aquarium_subvault_window, aquarium_subvault_bridge,
          aquarium_subvault_bridge, aquarium_subvault_window,
          aquarium_subvault_bridge, aquarium_subvault_wall],
          aquarium_bridge_square [aquarium_subvault_wall,
          aquarium_subvault_bridge, aquarium_subvault_window,
          aquarium_subvault_wall], aquarium_window_corridor_1,
          aquarium_window_fake, aquarium_window_corner, aquarium_view_2c,
          aquarium_view_4, aquarium_pool_1
D:3:      layout_basic, mainiacjoe_overflow_concentric_impassable, serial_shops,
          nicolae_shop_temple_entry_statues_fountains,
          gammafunk_ghost_necromancy, hangedman_decor_clover_reticule,
          grunt_ministairs_15

Skill      XL: |  1  2  3  4 |
---------------+-------------+-----
Stealth        | 6 7 |  7.2
Short Blades   | 3 |  3.2
Fighting       | |  2.6
Throwing       | |  1.7
Dodging        | |  0.9

Action                   |  1- 3 |  4- 6 || total
-------------------------+-------+-------++-------
Melee: Dagger            |    68 |    23 ||    91
Throw: Dart              |     1 |       ||     1
Invok: Lunge             |     4 |     8 ||    12
 Abil: Spit Poison       |    30 |    17 ||    47
 Stab: Sleeping          |     3 |     7 ||    10
Armor: Robe              |    16 |     2 ||    18
Dodge: Dodged            |    32 |     3 ||    35
